 Dungeon Crawl Stone Soup version 0.20.1-1-g8b1a95d (webtiles) character file.

105 Peloso the Skirmisher (level 4, -4/41 HPs)
             Began as a Minotaur Fighter on July 16, 2017.
             Slain by Sigmund
             ... wielding a +0 scythe
              (12 damage)
             ... on level 2 of the Dungeon.
             The game lasted 00:01:46 (1092 turns).

Peloso the Skirmisher (Minotaur Fighter)            Turns: 1092, Time: 00:01:47

Health: -4/41      AC:  7    Str: 21    XL:     4   Next: 53%
Magic:  3/3        EV:  7    Int:  5    God:
Gold:   89         SH:  0    Dex: 10    Spells: 3/3 levels left

rFire    . . .     SeeInvis .   a - +0 long sword
rCold    . . .     Gourm    .   c - +0 shield
rNeg     . . .     Faith    .   b - +0 scale mail
rPois    .         Spirit   .   (helmet restricted)
rElec    .         Reflect  .   (no cloak)
rCorr    .         Harm     .   (no gloves)
MR       .....                  (no boots)
Stlth    ..........             (no amulet)
Regen    0.2/turn               (no ring)
MPRegen  0.1/turn               (no ring)

@: confused
A: retaliatory headbutt, horns 2
a: no special abilities


You were on level 2 of the Dungeon.
You were hungry.

You visited 1 branch of the dungeon, and saw 2 of its levels.

You collected 89 gold pieces.

Inventory:

Hand Weapons
 a - a +0 long sword (weapon)
Armour
 b - a +0 scale mail (worn)
 c - a +0 shield (worn)
Scrolls
 e - 3 scrolls of identify {unknown}
 h - a scroll of noise {unknown}
 j - a scroll of amnesia {unknown}
 k - a scroll of immolation {unknown}
 l - a scroll of teleportation {unknown}
Potions
 d - a potion of might
 g - 2 potions of invisibility {unknown}
 i - 2 potions of brilliance {unknown}
Comestibles
 f - 3 bread rations


   Skills:
 + Level 4.6 Fighting
 + Level 3.4 Long Blades
 + Level 4.5 Armour
 + Level 0.2 Dodging
 + Level 4.2 Shields


You had 3 spell levels left.
You didn't know any spells.

Dungeon Overview and Level Annotations

Branches:
Dungeon (2/15)

Altars:
The Shining One

Annotations:
D:2 Sigmund


Innate Abilities, Weirdness & Mutations

You reflexively headbutt those who attack you in melee.
You have a pair of horns on your head.


Message History

You hit something. You headbutt something.
You hear some strange, mumbled words.
A magic dart appears from out of thin air!
The magic dart hits you! Something hits you.
You barely miss something. You headbutt something!
Something hits you but does no damage.
Your shield and scale mail prevent you from hitting something.
You block something's attack.
You miss something. Your headbutt misses something. You barely miss something.
Something completely misses you.
Your shield and scale mail prevent you from hitting something.
Your headbutt misses something. Something hits you!
You miss something. Your headbutt misses something.
You hear some strange, mumbled words.
You are confused.
You bump into the rock wall.
Something hits you!
* * * LOW HITPOINT WARNING * * *
You're too confused to move!
Something hits you but does no damage. Something hits you!
You die...

#.##.###.##....# #.#
#>##.#
#.#...######.#
#.##.#
#...#........#
#.##.#
###.........##
#.##.# ##....♣...#
#....# #...♣.♣..#
####.######..♣._.♣.#
#..........♣.♣..#
#.@#####....♣...#
#..# #........#
#..#.....#..#####
...#.#####.##
##.##.# #)# #.##.#
#.# # ..##.# #.#
#.#. #.# #.## ##).
#.# #..# ##


There were no monsters in sight!

Vanquished Creatures
  Jessica (D:2)
  Natasha (D:2)
  An adder (D:2)
  2 worms (D:2)
  A dart slug (D:1)
  3 leopard geckos
  2 ball pythons
  A bat (D:1)
  7 hobgoblins
  3 kobolds
  3 frilled lizards
  4 goblins
  7 rats
36 creatures vanquished.

Notes
Turn   | Place    | Note
-------+----------+-------------------------------------------
     0 | D:1      | Peloso the Minotaur Fighter began the quest for the Orb.
     0 | D:1      | Reached XP level 1. HP: 19/19 MP: 0/0
   239 | D:1      | Reached XP level 2. HP: 21/27 MP: 1/1
   644 | D:2      | Reached XP level 3. HP: 33/33 MP: 2/2
   648 | D:2      | Noticed Jessica
   651 | D:2      | Killed Jessica
   703 | D:2      | Found a glowing golden altar of the Shining One.
   735 | D:2      | Noticed Natasha
   740 | D:2      | Killed Natasha
   740 | D:2      | Reached XP level 4. HP: 18/41 MP: 3/3
   821 | D:2      | Found a faded altar of an unknown god.
  1078 | D:2      | Noticed Sigmund
  1092 | D:2      | Slain by Sigmund

Skill      XL: |  1  2  3 |
---------------+----------+-----
Fighting       | 4 |  4.6
Armour         | 4 |  4.5
Long Blades    | 3 |  3.4
Shields        | 4 |  4.2
Dodging        | |  0.2

Action                   |  1- 3 |  4- 6 || total
-------------------------+-------+-------++-------
Melee: Long sword        |    58 |    34 ||    92
       Headbutt          |    11 |     5 ||    16
Armor: Scale mail        |    19 |    11 ||    30
Dodge: Dodged            |    16 |    10 ||    26
Block: Shield            |    31 |    11 ||    42
       Rpst.: Long sword |     3 |     1 ||     4
